 Dungeon Sprint DCSS version 0.21.1-1-g345015f (webtiles) character file.

1848 Psiloshibe the Carver (level 9, -5/83 HPs)
             Began as a Barachi Berserker on June 25, 2018.
             Was an Elder of Trog.
             Slain by a tentacle (27 damage)
             ... attached to a kraken
             ... in the Dungeon (Sprint II: "The Violet Keep of Menkaure").
             The game lasted 00:04:21 (1025 turns).

Psiloshibe the Carver (Barachi Berserker)           Turns: 1025, Time: 00:04:22

Health: -5/83      AC:  2    Str: 18    XL:     9   Next: 12%
Magic:  9/9        EV: 16    Int:  5    God:    Trog [****..]
Gold:   993        SH:  0    Dex: 12    Spells: 8/8 levels left

rFire    . . .     SeeInvis .   a - +0 falchion
rCold    . . .     Gourm    .   (no shield)
rNeg     . . .     Faith    .   b - +0 animal skin
rPois    .         Spirit   .   (no helmet)
rElec    .         Reflect  .   (no cloak)
rCorr    .         Harm     .   (no gloves)
MR       .....     NoTele   +   (no boots)
Stlth    ++........             (no amulet)
HPRegen  0.23/turn              (no ring)
MPRegen  0.11/turn              (no ring)

@: can't hop, slow
A: +LOS, swims, blurry vision 2, dopey 1, screaming 1, slowness 1, weak 2,
sturdy frame 1, strong legs 1
a: Hop, Berserk, Trog's Hand, Brothers in Arms, Burn Spellbooks, Renounce
Religion


You were in the Dungeon.
You worshipped Trog.
Trog was greatly pleased with you.
You were not hungry.

You visited 1 branch You collected 1053 gold pieces.
You spent 60 gold pieces at shops.

Inventory:

Hand Weapons
 a - a +0 falchion (weapon)
Missiles
 c - 3 steel javelins (quivered)
Armour
 b - a +0 animal skin (worn)
Scrolls
 i - a scroll of blinking
Potions
 f - a potion of haste
 g - 2 potions of magic
 h - a potion of berserk rage
Comestibles
 d - a ration
 j - 3 chunks of flesh


   Skills:
 + Level 12.5 Fighting
 + Level 14.0 Long Blades
 * Level 9.0 Throwing
 + Level 6.2 Armour
 + Level 7.7 Dodging
 + Level 1.5 Stealth


You had 8 spell levels left.
You didn't know any spells.

Dungeon Overview and Level Annotations

Branches:
Dungeon (1/1)

Altars:
Cheibriados
Dithmenos
Elyvilon
Fedhas
Hepliaklqana
Kikubaaqudgha
Makhleb
Nemelex Xobeh
Qazlal
Ru
Sif Muna
Trog
Uskayaw
Vehumet
Wu Jian
Xom
Yredelemnul
Zin
The Shining One
Beogh
Jiyva
Lugonu

Shops:
D %:?!(:!:=[}=*%:[

Annotations:
D exclusion: oklob plant


Innate Abilities, Weirdness & Mutations

Shadows flee at your approach. (+LOS)
You can swim through water.
You cover ground slowly.
You can hop short distances.
Scrolls take you longer to read.
You are dopey. (Int -2)
You occasionally shout uncontrollably at your foes.
You are very weak. (Str -4)
Your movements are slightly less encumbered by armour. (ER -2)


Message History

A kraken comes into view.
Found a glowing chain mail.
Tentacles burst out of the water!
Found the brooch of Shielding {Reflect SH+8}. 4 tentacles come into view.
You open the door.
Your skin stops crawling.
You feel less resistant to hostile enchantments.
The tentacle barely misses you.
You slash the tentacle!
The tentacle is lightly wounded.
The tentacle slaps you!!
Your two-headed ogre disappears in a puff of smoke!
The tentacle barely misses you.
You riposte.
You barely miss the tentacle.
The tentacle is lightly wounded.
The tentacle slaps you!! The tentacle slaps you!
* * * LOW HITPOINT WARNING * * *
The tentacle slaps you!!
You die...

# [}▓$?$[?=$!▓▓ #### +. ##
"}▓)$??[?$)▓▓ ...# .
.####▓!!$)$$"!▓▓ #..##
#..##.#▓?%(![?[!▓▓ ##..#
+..#..#▓=%%$$$!$▓▓ .#..#
#..#..#▓?$?$?$!!▓▓
#'..####..##.#▓??[[[[$$▓▓
.#....###..)##▓▓▓▓▓▓▓Λ▓▓▓▓+▓
##§.....≈≈≈≈≈≈≈≈@w≈≈≈.──Xw≈▓
#≈≈.....≈#'########+###w≈w≈▓
≈§≈≈≈≈..≈#._._._..#tt≈# ≈≈▓
≈≈≈≈≈§§.§#.._._._.#§§§§# ▓
≈≈§≈≈≈≈≈≈#._._._._#§§§§≈
≈§≈≈≈§≈§≈#_._._._.#§§§§≈≈
≈≈≈≈§≈≈§≈#._._._..#§§§§≈≈
#≈≈§###§§#_._._...#§§≈≈≈t
##≈≈ #§≈#._._....#§§≈≈§≈


You could see a kraken, 2 tentacles and 2 crocodiles.

Vanquished Creatures
  2 hippogriffs (D)
  4 neqoxecs (D)
  4 necrophages (D)
  A crocodile (D)
  3 worms (D)
14 creatures vanquished.

Vanquished Creatures (collateral kills)
  A yaktaur (D)
  A hornet (D)
  3 polar bears (D)
5 creatures vanquished.

Vanquished Creatures (others)
  Menkaure (D)
  A crocodile (D)
2 creatures vanquished.

Grand Total: 21 creatures vanquished

Notes
Turn   | Place    | Note
-------+----------+-------------------------------------------
     0 | D        | Psiloshibe the Barachi Berserker began the quest for the Orb.
     0 | D        | Reached XP level 1. HP: 18/18 MP: 1/1
     1 | D        | Noticed a hippogriff
     1 | D        | Noticed a hippogriff
     4 | D        | Noticed a necrophage
     4 | D        | Noticed a necrophage
     4 | D        | Noticed a necrophage
     4 | D        | Noticed a necrophage
    16 | D        | Killed a necrophage
    16 | D        | Reached skill level 7 in Long Blades
    16 | D        | Reached XP level 2. HP: 23/29 MP: 2/2
    16 | D        | Reached XP level 3. HP: 28/35 MP: 3/3
    16 | D        | Reached XP level 4. HP: 33/41 MP: 4/4
    19 | D        | Killed a crocodile
    22 | D        | Killed a necrophage
    22 | D        | Reached skill level 8 in Long Blades
    22 | D        | Reached XP level 5. HP: 18/46 MP: 5/5
    38 | D        | Killed a necrophage
    38 | D        | Reached ** piety under Trog
    38 | D        | Reached skill level 9 in Long Blades
    38 | D        | Reached skill level 5 in Throwing
    38 | D        | Reached XP level 6. HP: 9/56 MP: 6/6
    47 | D        | Killed a necrophage
    47 | D        | Reached skill level 10 in Long Blades
    47 | D        | Reached skill level 5 in Dodging
   189 | D        | Found Icoasheu's Food Emporium.
   189 | D        | Found Suriam's Distillery.
   189 | D        | Found Zylixaum's Book Shoppe.
   189 | D        | Found Guros's Antique Armour Emporium.
   189 | D        | Found Ixigoto's Antique Armour Shoppe.
   189 | D        | Found Ygyunwih's General Store.
   189 | D        | Found Largheif's Book Shoppe.
   189 | D        | Found Evitros's Jewellery Emporium.
   189 | D        | Found Piomoqaw's Jewellery Emporium.
   189 | D        | Found Abrur's Antique Weapon Shoppe.
   189 | D        | Found Efach's Book Shoppe.
   189 | D        | Noticed a spiny frog
   190 | D        | Found Fasu's Gadget Emporium.
   190 | D        | Found Salappaw's Distillery.
   190 | D        | Found Ucsost's Magic Scroll Emporium.
   190 | D        | Noticed a spiny frog
   191 | D        | Noticed an ice dragon
   192 | D        | Found Mujy's Food Shoppe.
   192 | D        | Found Tuylexyun's Book Shoppe.
   192 | D        | Noticed an oklob plant
   199 | D        | Noticed a hell hog
   200 | D        | Noticed a hell hog
   227 | D        | Reached skill level 5 in Armour
   280 | D        | Noticed a neqoxec
   280 | D        | Noticed a neqoxec
   280 | D        | Noticed a neqoxec
   280 | D        | Noticed a neqoxec
   280 | D        | Gained mutation: You occasionally shout uncontrollably at your foes. [a neqoxec]
   286 | D        | Gained mutation: Your muscles are strong. (Str +2) [a neqoxec]
   291 | D        | Killed a neqoxec
   291 | D        | Reached *** piety under Trog
   291 | D        | Reached skill level 10 in Fighting
   291 | D        | Reached skill level 11 in Long Blades
   291 | D        | Reached XP level 7. HP: 66/66 MP: 7/7
   292 | D        | Gained mutation: Scrolls take you a little longer to read. [a neqoxec]
   294 | D        | Gained mutation: Your movements are slightly less encumbered by armour. (ER -2) [a neqoxec]
   296 | D        | Lost mutation: Your muscles are strong. (Str +2) [a neqoxec]
   300 | D        | Gained mutation: You are weak. (Str -2) [a neqoxec]
   302 | D        | Killed a neqoxec
   309 | D        | Killed a neqoxec
   309 | D        | Reached skill level 12 in Long Blades
   309 | D        | Gained mutation: You are dopey. (Int -2) [a neqoxec]
   312 | D        | Gained mutation: You are very weak. (Str -4) [a neqoxec]
   317 | D        | Gained mutation: Scrolls take you longer to read. [a neqoxec]
   318 | D        | Killed a neqoxec
   318 | D        | Reached skill level 1 in Stealth
   318 | D        | Reached XP level 8. HP: 23/75 MP: 8/8
   372 | D        | Killed Menkaure
   511 | D        | Reached **** piety under Trog
   531 | D        | Killed a hippogriff
   541 | D        | Killed a hippogriff
   541 | D        | Received a gift from Trog
   541 | D        | Reached skill level 13 in Long Blades
   949 | D        | Bought a ration for 60 gold pieces
   975 | D        | Found a glowing silver altar of Zin.
   976 | D        | Found a basalt altar of Yredelemnul.
   976 | D        | Found a hide-covered altar of Uskayaw.
   976 | D        | Found a glowing golden altar of the Shining One.
   977 | D        | Found a shimmering altar of Xom.
   977 | D        | Found a bloodstained altar of Trog.
   977 | D        | Found a radiant altar of Vehumet.
   977 | D        | Found a burning altar of Makhleb.
   978 | D        | Found an ornate altar of the Wu Jian Council.
   978 | D        | Found a deep blue altar of Sif Muna.
   978 | D        | Found a corrupted altar of Lugonu.
   978 | D        | Found a sparkling altar of Nemelex Xobeh.
   978 | D        | Found a blossoming altar of Fedhas.
   979 | D        | Found a sacrificial altar of Ru.
   979 | D        | Found an ancient bone altar of Kikubaaqudgha.
   979 | D        | Found a white marble altar of Elyvilon.
   980 | D        | Found a stormy altar of Qazlal.
   980 | D        | Found a viscous altar of Jiyva.
   980 | D        | Found a shadowy altar of Dithmenos.
   981 | D        | Found a hazy altar of Hepliaklqana.
   981 | D        | Found a snail-covered altar of Cheibriados.
   982 | D        | Found a roughly hewn altar of Beogh.
   982 | D        | Noticed a yaktaur
   982 | D        | Noticed a hornet
   982 | D        | Noticed a polar bear
   983 | D        | Noticed a polar bear
   990 | D        | Killed a polar bear
   992 | D        | Noticed a polar bear
   992 | D        | Killed a polar bear
   994 | D        | Killed a polar bear
   995 | D        | Killed a hornet
   995 | D        | Reached XP level 9. HP: 47/83 MP: 9/9
   997 | D        | Killed a yaktaur
   997 | D        | Reached skill level 14 in Long Blades
  1018 | D        | Noticed a kraken
  1020 | D        | Found the brooch of Shielding {Reflect SH+8}
  1025 | D        | Slain by a tentacle

Skill      XL: |  1  2  3  4  5  6  7  8  9 |
---------------+----------------------------+-----
Fighting       | 6 7 8 10 11 12 | 12.5
Long Blades    | 7 8 9 11 12 13 14 | 14.0
Throwing       | 3 4 5 6 7 8 9 |  9.0
Armour         | 3 4 5 6 |  6.2
Dodging        | 3 4 5 6 7 |  7.7
Stealth        | 1 |  1.5

Action                   |  1- 3 |  4- 6 |  7- 9 || total
-------------------------+-------+-------+-------++-------
Melee: Falchion          |    11 |    48 |    57 ||   116
Invok: Berserk           |     1 |     2 |       ||     3
       Trog's Hand       |       |     2 |     2 ||     4
       Brothers in Arms  |       |       |     1 ||     1
 Abil: Hop               |       |       |     2 ||     2
  Use: Potion            |       |     2 |       ||     2
  Eat: Ration            |       |       |     1 ||     1
       Chunk             |       |       |     2 ||     2
Armor: Animal skin       |     2 |     3 |     5 ||    10
Dodge: Dodged            |     2 |    28 |    36 ||    66
       Rpst.: Falchion   |       |    12 |     7 ||    19
